Map: Romanticide LE

Players

JonSnow

  • Race: Zerg Zerg
  • League: Master

Epic - Winner!

  • Race: Terran Terran
  • League: Grandmaster

Event: DreamHack SC2 Masters 2021 Summer

VOD

Have the link to the VOD?

Description

Time

  • Played on: May 25, 2021, 4:32 p.m.
  • Length: 10:49

All games in this series

Show
View Real Time Build Order
Export as new Build Order

JonSnow Zerg 

Build Orders: Hatch First, Muta Ling Bane 

Get SALT Encoding   

  12  0:02  Drone  
  13  0:12  Overlord  
  13  0:17  Drone  
  14  0:31  Drone x2  
  16  0:48  Hatchery  
  15  0:51  Drone  
  15  0:55  Drone  
  17  0:58  Drone  
  18  1:10  Extractor  
  17  1:14  Spawning Pool  
  17  1:18  Drone  
  17  1:21  Drone  
  18  1:29  Drone  
  19  1:40  Drone  
  20  1:49  Overlord  
  20  2:00  Queen x2  
  24  2:01  Zergling x2  
  24  2:02  Zergling x2  
  26  2:11  Zergling x2  
  26  2:12  Drone  
  28  2:19  Roach Warren  
  27  2:28  Drone  
  27  2:29  Drone  
  28  2:34  Drone  
  29  2:40  Drone  
  30  2:47  Drone  
  30  2:49  Overlord  
  31  2:55  Overlord  
  31  3:03  Roach  
  33  3:10  Roach x5  
  43  3:15  Roach  
  45  3:29  Drone x3  
  45  3:30  Drone  
  45  3:32  Drone x2  
  52  3:41  Ravager  
  52  3:47  Hatchery  
  51  3:54  Overlord  
  51  3:55  Drone  
  51  4:04  Drone  
  51  4:08  Overlord  
  52  4:11  Queen  
  54  4:30  Drone x8, Lair  
  56  4:37  Drone  
  52  4:43  Drone  
  47  4:46  Metabolic Boost  
  47  4:47  Extractor  
  47  4:48  Queen  
  47  4:49  Drone  
  47  4:50  Extractor  
  48  4:53  Drone  
  48  4:57  Baneling Nest  
  48  4:58  Spore Crawler  
  47  5:01  Spore Crawler  
  47  5:05  Drone  
  47  5:08  Drone x2  
  47  5:10  Drone, Spore Crawler  
  49  5:14  Drone x2  
  51  5:21  Queen  
  51  5:23  Drone  
  51  5:24  Drone, Queen  
  51  5:25  Drone  
  58  5:29  Overseer  
  58  5:30  Drone x2  
  58  5:32  Drone  
  58  5:33  Drone  
  62  5:40  Spire  
  62  5:42  Drone  
  62  5:43  Extractor  
  62  5:48  Drone x4  
  62  5:49  Drone  
  66  5:50  Drone  
  66  5:52  Drone  
  66  5:55  Overlord  
  68  5:58  Drone x3  
  68  6:01  Drone x2  
  68  6:03  Drone  
  74  6:07  Centrifical Hooks  
  74  6:09  Extractor x2  
  72  6:12  Drone x2  
  72  6:13  Drone x2  
  72  6:14  Drone  
  72  6:16  Drone x2  
  79  6:19  Overlord  
  79  6:23  Zergling x6  
  82  6:41  Hatchery  
  77  6:52  Mutalisk x6  
  88  7:02  Drone  
  88  7:03  Overlord  
  88  7:06  Overlord  
  88  7:07  Drone x2, Evolution Chamber  
  88  7:08  Evolution Chamber, Overlord x3  
  90  7:09  Zerg Flyer Weapons Level 1  
  89  7:18  Overlord  
  89  7:23  Zergling x2  
  89  7:24  Zergling x10  
  89  7:26  Baneling  
  89  7:27  Baneling x5  
  95  7:33  Zergling x2  
  95  7:34  Zergling x4  
  98  7:37  Zerg Melee Weapons Level 1, Zerg Ground Armor Level 1  
  98  7:39  Zergling x14  
  105  7:45  Zergling x4  
  105  7:47  Baneling  
  105  7:48  Baneling x7  
  104  7:58  Zergling x6  
  104  7:59  Zergling x4  
  104  8:04  Mutalisk  
  113  8:09  Overlord  
  113  8:10  Hatchery  
  113  8:11  Drone  
  113  8:12  Drone  
  114  8:18  Overlord x2  
  109  8:28  Mutalisk  
  109  8:29  Mutalisk x6  
  109  8:31  Zergling x6  
  122  8:39  Mutalisk x2  
  126  8:41  Zergling x10  
  126  8:46  Baneling x2  
  129  8:49  Mutalisk  
  129  8:51  Zergling x8  
  129  8:55  Zergling x4  
  137  9:06  Overlord x3  
  137  9:08  Zergling x6  
  140  9:10  Drone x3  
  143  9:17  Zergling x4  
  143  9:19  Overlord x2  
  143  9:20  Overlord x2  
  145  9:27  Baneling x8  
  140  9:33  Zergling x10  
  140  9:35  Baneling x4  
  140  9:36  Baneling x8  
  128  9:46  Zergling x2  
  128  9:47  Zergling x16  
  125  9:56  Zergling x2  
  125  9:57  Zergling x6  
  125  9:59  Zergling x4  
Show
View Real Time Build Order
Export as new Build Order

Epic Terran - Winner!

Build Orders: Reaper Expand 

Get SALT Encoding   

  12  0:00  SCV  
  13  0:12  SCV  
  14  0:16  Supply Depot  
  14  0:24  SCV  
  15  0:38  SCV  
  15  0:39  Barracks  
  16  0:43  Refinery  
  16  0:50  SCV  
  17  1:02  SCV  
  18  1:14  SCV  
  19  1:26  Reaper, Orbital Command  
  20  1:38  Command Center  
  20  1:46  Supply Depot  
  20  1:52  SCV  
  21  1:58  Marine  
  22  2:04  SCV  
  23  2:10  Factory  
  23  2:13  Refinery  
  23  2:16  SCV  
  23  2:20  Barracks Reactor  
  24  2:29  SCV  
  25  2:41  SCV  
  26  2:50  Orbital Command  
  26  2:53  SCV  
  26  2:54  Starport  
  27  3:01  Hellion x2  
  27  3:03  Barracks Tech Lab  
  27  3:05  SCV  
  32  3:14  Supply Depot  
  32  3:17  SCV x2  
  38  3:28  Bunker  
  38  3:33  SCV x2  
  35  3:38  Banshee, Marine x2  
  35  3:39  Factory Tech Lab  
  35  3:41  Bunker  
  40  3:46  SCV x2, Supply Depot  
  42  3:58  SCV x2  
  42  4:01  Siege Tank  
  42  4:02  Marine x2  
  49  4:10  SCV x2  
  49  4:11  Command Center  
  49  4:16  Supply Depot  
  51  4:22  Marine x2  
  52  4:26  Banshee  
  52  4:28  SCV  
  54  4:31  SCV  
  50  4:40  Siege Tank  
  50  4:43  SCV x2  
  53  4:50  Supply Depot  
  53  4:55  SCV x2  
  55  5:03  Barracks Tech Lab, Barracks  
  55  5:07  SCV x2  
  55  5:12  Siege Tank  
  60  5:17  Engineering Bay  
  60  5:20  SCV x2  
  62  5:21  Engineering Bay  
  62  5:26  Stimpack  
  62  5:27  Orbital Command  
  62  5:32  SCV x2  
  62  5:33  Supply Depot  
  64  5:37  Barracks  
  64  5:38  Marine  
  64  5:39  Starport Reactor  
  64  5:42  Refinery  
  65  5:44  SCV x2  
  65  5:47  Siege Tank  
  70  5:55  Barracks x2  
  70  5:56  SCV  
  72  5:57  Orbital Command  
  72  5:59  SCV  
  72  6:01  Marine x2  
  72  6:02  Refinery, Marine  
  75  6:06  Terran Infantry Weapons Level 1  
  75  6:10  SCV  
  76  6:11  SCV  
  76  6:13  Supply Depot  
  76  6:14  Terran Infantry Armor Level 1  
  77  6:19  Marine x3  
  77  6:23  SCV x2  
  77  6:25  SCV  
  83  6:26  Barracks Reactor  
  83  6:32  Supply Depot  
  83  6:35  SCV x2  
  83  6:37  SCV, Marine x3  
  89  6:41  Medivac x2  
  89  6:44  Supply Depot  
  93  6:50  SCV x3  
  93  6:51  Siege Tank  
  93  6:55  Marine, Missile Turret  
  93  6:57  Barracks Reactor  
  93  6:58  Marine, Missile Turret  
  93  6:59  Marine  
  93  7:01  Barracks Reactor  
  96  7:02  SCV x3  
  96  7:06  Supply Depot  
  99  7:08  Combat Shield, Supply Depot  
  99  7:13  Marine x3  
  102  7:16  SCV x3, Marine  
  102  7:20  Medivac  
  102  7:21  Missile Turret  
  108  7:25  Marine  
  108  7:27  Medivac  
  111  7:31  Marine  
  111  7:33  Supply Depot  
  111  7:34  Barracks x2  
  111  7:35  Barracks, Marine x5  
  117  7:43  SCV x3  
  118  7:45  Marine x3  
  118  7:46  Siege Tank  
  118  7:55  Marine, Medivac  
  118  7:56  Marine x5  
  124  8:02  SCV x3  
  124  8:03  Marine x3  
  129  8:13  Marine x4  
  129  8:14  Supply Depot  
  129  8:15  Supply Depot  
  129  8:16  Supply Depot x2  
  133  8:20  Armory  
  133  8:23  Marine x4, Medivac  
  133  8:25  Medivac  
  138  8:34  Marine x3  
  141  8:36  Marine x2  
  143  8:43  Marine  
  143  8:44  Marine x6  
  150  8:48  Command Center  
  150  8:50  Missile Turret  
  150  8:51  Marine  
  150  8:53  Siege Tank  
  150  8:54  Supply Depot x2  
  154  9:00  Marine x4  
  154  9:01  Marine x2  
  160  9:06  Marine x3  
  160  9:07  Marine  
  160  9:08  Marine  
  165  9:14  Medivac x2  
  165  9:15  Missile Turret  
  169  9:26  Marine x3  
  169  9:29  Marine x4  
  160  9:34  Marine x4  
  155  9:48  Marine x7, Medivac, Siege Tank  
  155  9:51  Marine  
  155  9:52  Marine  
  156  9:57  Marine x3  
  128  10:06  Marine x3  
Tags
 
Add a new tag
Caveats
  • Supply blocks, unpowered buildings, or Contaminate may cause inaccurate times.
  • Supply counts are checked every 10 seconds.